 Dungeon Crawl Stone Soup version 0.17.0-28-g6e173f8 (webtiles) character file.

169 lucasterio the Ducker (level 5, 0/28 HPs)
             Began as a Spriggan Assassin on Nov 29, 2015.
             Succumbed to a scorpion's poison
             ... on level 4 of the Dungeon.
             The game lasted 00:11:11 (2142 turns).

lucasterio the Ducker (Spriggan Assassin)           Turns: 2142, Time: 00:11:12

Health: 0/28       AC:  3    Str:  7    XL:     5   Next: 25%
Magic:  6/6        EV: 22    Int: 13    God:
Gold:   169        SH:  0    Dex: 18    Spells: 0 memorised, 4 levels left

rFire  . . .     SeeInvis +     h - +0 dagger (elec)
rCold  . . .     Clarity  .     c - +0 robe
rNeg   + . .     SustAt   .     (shield restricted)
rPois  .         Gourm    .     (helmet restricted)
rElec  .         Spirit   .     d - +0 cloak
rCorr  .         Warding  +     (gloves unavailable)
rMut   .         Stasis   .     (boots unavailable)
MR     .....                    o - amulet of warding
Stlth  ++++......               (no ring)
                                (no ring)

@: lethally poisoned (0 -> -4), very quick, not resistant to hostile
enchantments, stealthy
A: unfitting armour, see invisible, herbivore 3, speed 3, slow metabolism 2
a: no special abilities


You were on level 4 of the Dungeon.
You were not hungry.

You visited 1 branch of the dungeon, and saw 4 of its levels.

You collected 169 gold pieces.

Inventory:

Hand Weapons
 a - a +2 dagger
 b - a +0 blowgun
 h - a +0 dagger of electrocution (weapon)
Missiles
 e - 8 poisoned needles
 f - 5 curare-tipped needles
Armour
 c - a +0 robe (worn)
 d - a +0 cloak (worn)
Jewellery
 o - an amulet of warding (around neck)
Scrolls
 i - a scroll of identify {unknown}
 j - a scroll of recharging {unknown}
 m - 3 scrolls of enchant armour {unknown}
 n - a scroll of fear {unknown}
 r - a scroll of noise {unknown}
 t - a scroll of enchant weapon {unknown}
 u - a scroll of remove curse {unknown}
Potions
 k - a potion of haste
Comestibles
 g - 3 bread rations
 l - 2 slices of pizza
 p - a royal jelly
 q - 9 fruits


   Skills:
 + Level 3.0 Fighting
 - Level 2.1 Short Blades
 - Level 2.0 Throwing
 * Level 5.9 Dodging
 - Level 5.8 Stealth


You had 4 spell levels left.
You didn't know any spells.

Dungeon Overview and Level Annotations

Branches:
Dungeon (4/15)
 Temple: D:4-7

Altars:
Fedhas
Makhleb
Okawaru
Xom
Zin


Innate Abilities, Weirdness & Mutations

You are tiny and cannot use many weapons and most armour.
You have supernaturally acute eyesight.
You are a herbivore.
You cover ground extremely quickly.
You need consume almost no food.


Message History

Drink which item? (? for menu, Esc to quit)
Okay, then.
Drink which item? (? for menu, Esc to quit)
It was a potion of cancellation.
Your magical effects are unravelling.
Your magical contamination has completely faded away.
You feel magically purged.
You feel yourself slow down.
There is a lethal amount of poison in your body!
There is a lethal amount of poison in your body!
There is a lethal amount of poison in your body!
Read which item? (? for menu, Esc to quit)
Okay, then.
Eat which item? (? for menu, Esc to quit)
Okay, then.
* * * LOW HITPOINT WARNING * * *
You feel sick.
* * * LOW HITPOINT WARNING * * *
You feel sick.
You die...

#. ........ .........
#.##........
.........###...#.......
.......................
>........##...........[
....$..................
.......................
.........###...@.........#
.........†...##..........
.....#..#######..(......#
......))#####...........#
....................#...#
..o..........####...#...#
........#########...#o..#
.........###...oo.......#
..######.....#.######...#


There were no monsters in sight!

Vanquished Creatures
  A scorpion (D:4)
  An orc priest (D:4)
  A worker ant (D:4)
  An adder (D:2)
  An adder skeleton (D:4)
  3 giant geckos
  2 orcs
  6 bats
  7 hobgoblins
  3 jackals (D:4)
  3 giant cockroaches
  2 giant newts
  5 goblins
  6 kobolds
  A quokka (D:2)
  4 rats
47 creatures vanquished.

Notes
Turn   | Place    | Note
--------------------------------------------------------------
     0 | D:1      | lucasterio the Spriggan Assassin began the quest for the Orb.
     0 | D:1      | Reached XP level 1. HP: 10/10 MP: 2/2
   135 | D:1      | Reached XP level 2. HP: 13/15 MP: 3/3
   852 | D:2      | Found a shimmering altar of Xom.
   970 | D:2      | Reached XP level 3. HP: 17/19 MP: 4/4
  1146 | D:2      | Found a burning altar of Makhleb.
  1215 | D:2      | Found a blossoming altar of Fedhas.
  1318 | D:2      | You fall through a shaft!
  1800 | D:3      | Found a glowing silver altar of Zin.
  2038 | D:4      | Reached XP level 4. HP: 23/23 MP: 5/5
  2049 | D:4      | Found an iron altar of Okawaru.
  2089 | D:4      | Reached skill level 5 in Dodging
  2121 | D:4      | Noticed a scorpion
  2134 | D:4      | Killed a scorpion
  2134 | D:4      | Reached XP level 5. HP: 3/28 MP: 6/6
  2139 | D:4      | HP: 1/28 [poisoned by a scorpion]
  2142 | D:4      | Succumbed to a scorpion's poison

Action                   |  1- 3 |  4- 6 || total
-------------------------+-------+-------++-------
Melee: Dagger            |    73 |    27 ||   100
  Use: Potion            |       |     2 ||     2
 Stab: Sleeping          |    20 |       ||    20
       Distracted        |     1 |       ||     1
